 Dungeon Crawl Stone Soup version 0.20.1-1-g8b1a95d66d (webtiles) character file.

58 Gargoyl the Skirmisher (level 3, -9/31 HPs)
             Began as a Centaur Abyssal Knight on Dec 5, 2017.
             Was a Follower of Lugonu.
             Mangled by fartsinmyface's ghost (17 damage)
             ... on level 3 of the Dungeon on Dec 6, 2017.
             The game lasted 00:07:13 (2850 turns).

Gargoyl the Skirmisher (Centaur Abyssal Knight)     Turns: 2850, Time: 00:07:13

Health: -9/31      AC:  8    Str: 14    XL:     3   Next: 76%
Magic:  4/4        EV:  4    Int: 11    God:    Lugonu [*.....]
Gold:   196        SH:  0    Dex:  9    Spells: 2/2 levels left

rFire    . . .     SeeInvis .   a - +1 hand axe
rCold    . . .     Gourm    .   (no shield)
rNeg     . . .     Faith    .   k - +0 chain mail
rPois    +         Spirit   .   (no helmet)
rElec    .         Reflect  .   (no cloak)
rCorr    .         Harm     .   f - +0 pair of gloves
MR       .....                  (no barding)
Stlth    ..........             (no amulet)
Regen    0.1/turn               e - ring of poison resistance
MPRegen  0.1/turn               (no ring)

@: sleeping, very quick
A: hooves 3, deformed body, speed 2, tough skin 3
a: Depart the Abyss, Renounce Religion


You were on level 3 of the Dungeon.
You worshipped Lugonu.
Lugonu was aware of your devotion.
You were very hungry.

You visited 1 branch of the dungeon, and saw 3 of its levels.
You visited the Abyss 1 time.

You collected 196 gold pieces.

Inventory:

Hand Weapons
 a - a +1 hand axe (weapon)
Armour
 f - a +0 pair of gloves (worn)
 k - a +0 chain mail (worn)
Jewellery
 e - a ring of poison resistance (left hand)
Scrolls
 i - a scroll of teleportation
Potions
 b - a potion of resistance {unknown}
 g - a potion of agility {unknown}
 h - a potion of flight {unknown}
 m - a potion of magic {unknown}
 n - 2 potions of haste
 o - a potion of might {unknown}
 p - a potion of berserk rage {unknown}
 r - a potion of curing {unknown}
Comestibles
 c - 2 bread rations
 d - a meat ration
 j - 2 fruits


   Skills:
 + Level 3.5 Fighting
 + Level 2.3 Axes
 * Level 2.0 Armour
 + Level 1.2 Dodging
 * Level 2.1 Invocations


You had 2 spell levels left.
You didn't know any spells.

Dungeon Overview and Level Annotations

Branches:
Dungeon (3/15)

Altars:
Ru
Sif Muna

Annotations:
D:3 fartsinmyface's ghost, amateur FeEn


Innate Abilities, Weirdness & Mutations

You have hooves in place of feet.
Armour fits poorly on your strangely shaped body.
You cover ground very quickly.
You have extremely tough skin. (AC +3)


Message History

* * * LOW HITPOINT WARNING * * *
You barely miss the kobold. Your kick misses the kobold.
The kobold is moderately wounded.
You miss fartsinmyface's ghost. The kobold hits you but does no damage.
Fartsinmyface's ghost barely misses you.
Unknown command.
The kobold hits you but does no damage. The kobold hits you but does no damage.
The kobold throws a stone.
The stone hits you but does no damage.
You see here a stone.
The kobold throws a stone.
The stone hits you but does no damage.
You see here a stone.
Fartsinmyface's ghost casts a spell at you.
You resist with significant effort.
Fartsinmyface's ghost casts a spell at you.
You fall asleep.
Fartsinmyface's ghost barely misses you.
Fartsinmyface's ghost hits you!
Ouch! That really hurt!
You die...

#...#
.##(##
######
..#(#
.....###
#.#.#
####...#
#.#.#
...#...#
#.#K#
#.##...#
#.#.#
#......#
#.W.#
####...#
######.@.#
# #####
#....#...#
#......#>#
#....#####
###'## #.#
#.# #.#
#.#


You could see fartsinmyface's ghost and a kobold.

Vanquished Creatures
  An ufetubus (Abyss:1)
  2 dart slugs (D:2)
  A leopard gecko (D:3)
  An orc (D:3)
  2 giant cockroaches (D:1)
  5 goblins
  6 hobgoblins
  2 jackals (D:2)
  7 kobolds (D:1)
  9 bats
  A frilled lizard (D:2)
  9 rats
46 creatures vanquished.

Vanquished Creatures (others)
  An adder (D:3)
  A bat (D:3)
2 creatures vanquished.

Grand Total: 48 creatures vanquished

Notes
Turn   | Place    | Note
-------+----------+-------------------------------------------
     0 | Abyss:1  | Gargoyl the Centaur Abyssal Knight began the quest for the Orb.
     0 | Abyss:1  | Reached XP level 1. HP: 19/19 MP: 2/2
   122 | Abyss:1  | Noticed a cyan very ugly thing
   123 | Abyss:1  | Noticed a cyan very ugly thing
   124 | Abyss:1  | Noticed a smoke demon
   130 | Abyss:1  | Noticed a neqoxec
   134 | Abyss:1  | Noticed a crimson imp
   294 | Abyss:2  | Noticed an ancient zyme
   295 | D:1      | Escaped the Abyss
   632 | D:1      | Reached XP level 2. HP: 26/26 MP: 3/3
   698 | D:1      | Reached * piety under Lugonu
  1337 | D:1      | Reached XP level 3. HP: 25/31 MP: 4/4
  1584 | D:2      | Reached skill level 1 in Dodging
  1974 | D:2      | Found a sacrificial altar of Ru.
  2274 | D:2      | Found a deep blue altar of Sif Muna.
  2828 | D:3      | Noticed fartsinmyface's ghost (amateur FeEn)
  2850 | D:3      | Mangled by fartsinmyface's ghost

Skill      XL: |  1  2  3 |
---------------+----------+-----
Axes           | 2 |  2.3
Dodging        | 1 |  1.2
Armour         | 2 |  2.0
Fighting       | |  3.5
Invocations    | |  2.1

Action                   || total
-------------------------++-------
Melee: Hand axe          ||   119
       Kick              ||    18
Invok: Depart the Abyss  ||     1
  Use: Scroll            ||     9
  Eat: Chunk             ||     3
Armor: Leather armour    ||    42
       Chain mail        ||    21
Dodge: Dodged            ||    66
